 Dungeon Crawl Stone Soup version 0.31-a0-1093-gadecf4124d (webtiles) character file.

Game seed: 11524716586426549404

117617 ChronoRanger the Slayer (level 16, -30/167 HPs)
             Began as a Minotaur Fighter on Nov 29, 2023.
             Was the Champion of Trog.
             Killed from afar by Kaxkokue's ghost (42 damage)
             ... with a crystal spear
             ... on level 2 of the Snake Pit.
             The game lasted 02:11:54 (31110 turns).

ChronoRanger the Slayer (Minotaur Fighter)         Turns: 31110, Time: 02:11:55

Health: -30/167    AC: 23    Str: 34    XL:     16   Next: 23%
Magic:  0/4        EV: 11    Int:  5    God:    Trog [******]
Gold:   1679       SH: 16    Dex: 11    Spells: 15/15 levels left

rFire   + . .        r - +3 demon trident (antimagic)
rCold   . . .        e - +5 Storm Queen's Shield {shock, Fly rElec}
rNeg    . . .        m - +0 plate armour {rPois}
rPois   +            y - +0 hat of Lueppar {SInv}
rElec   +            H - +1 cloak of Hoicegam {Stlth+}
rCorr   .            i - +0 pair of gloves
SInv    +            q - +1 pair of boots
Will    +....        k - amulet of guardian spirit Stlth
                     E - +6 ring of strength
HPRegen 0.47/turn    s - ring of protection from fire
MPRegen 0.09/turn

%: guardian spirit
@: lethally poisoned (-30 -> -36), flying, studying Earth Magic
A: horns 2, retaliatory headbutt, low MP 1
a: Renounce Religion, Berserk, Trog's Hand, Brothers in Arms


You were on level 2 of the Snake Pit.
You worshipped Trog.
Trog was exalted by your worship.
You visited 6 branches of the dungeon, and saw 23 of its levels.
You also visited: Gauntlet and Ice Cave.

You collected 2382 gold pieces.
You spent 703 gold pieces at shops.

Inventory:

Hand Weapons
 r - a +3 antimagic demon trident (weapon)
 F - a +3 demon whip of venom
 K - the +8 trishula "Condemnation" {holy, anguish, *Noise Fly rN+}
   (You found it in a Gauntlet)

   rN+:       It protects you from negative energy.
   Fly:       It grants you flight.
   *Noise:    It may make a loud noise when swung.
Missiles
 z - 4 throwing nets
 I - 4 javelins
Armour
 e - the +5 Storm Queen's Shield (worn) {shock, Fly rElec}
   (You bought it in a shop on level 7 of the Dungeon)

   Shock:     When it blocks an attack, it may electrocute the attacker.
   This works even against foes who are a short distance away.
   rElec:     It insulates you from electricity.
   Fly:       It grants you flight.
 i - a +0 pair of gloves (worn)
 m - a +0 plate armour of poison resistance (worn)
 q - a +1 pair of boots (worn)
 y - the +0 hat of Lueppar (worn) {SInv}
   (You found it in a Gauntlet)

   SInv:      It lets you see invisible.
 H - the +1 cloak of Hoicegam (worn) {Stlth+}
   (You found it in a Gauntlet)

   Stlth+:    It makes you more stealthy.
Jewellery
 f - a +4 ring of protection
 k - an amulet of guardian spirit (around neck)
 l - a ring of protection from cold
 s - a ring of protection from fire (right hand)
 E - a +6 ring of strength (left hand)
Wands
 h - a wand of mindburst (11)
 n - a wand of paralysis (3)
 u - a wand of polymorph (17)
 B - a wand of acid (7)
Scrolls
 a - 3 scrolls of identify
 c - 3 scrolls of teleportation
 o - a scroll of revelation
 t - 5 scrolls of enchant armour
 C - a scroll of immolation
 D - a scroll of butterflies
 J - a scroll of blinking
 L - a scroll of silence
Potions
 b - 5 potions of mutation
 g - 2 potions of curing
 j - 4 potions of ambrosia
 p - a potion of lignification
 v - a potion of enlightenment
 x - a potion of heal wounds
 A - 2 potions of haste
 G - a potion of magic
 N - a potion of invisibility {unknown}


   Skills:
 - Level 21.3 Fighting
 - Level 14.3 Maces & Flails
 * Level 12.7 Polearms
 - Level 15.0 Armour
 - Level 10.0 Dodging
 - Level 10.0 Shields
 - Level 5.0 Evocations


You had 15 spell levels left.
You didn't know any spells.
Your spell library contained the following spells:

 Spells                   Type           Power      Damage    Failure   Level
 Shock                    Conj/Air       0%         1d3       98%         1
 Ensorcelled Hibernation  Hex/Ice        0%         N/A       99%         2
 Passwall                 Tmut/Erth      0%         N/A       99%         2
 Swiftness                Air            0%         N/A       100%        3
 Airstrike                Air            0%         2d(0-16)  100%        4
 Animate Armour           Summ/Erth      0%         N/A       100%        4
 Summon Lightning Spire   Summ/Air       0%         N/A       100%        4
 Lee's Rapid Deconstruct  Erth           0%         3d4*      100%        5


Dungeon Overview and Level Annotations

Branches:
Dungeon (11/15)            Temple (1/1) D:6            Lair (4/5) D:11
 Shoals (2/4) Lair:3        Snake (3/4) Lair:2          Orc (2/2) D:11
    Elf (0/3) Orc:2         IceCv (visited)         Gauntlet (visited)
  Slime: Lair:4-5

Altars:
Ashenzari
Cheibriados
Dithmenos
Elyvilon
Fedhas
Gozag
Hepliaklqana
Kikubaaqudgha
Makhleb
Nemelex Xobeh
Okawaru
Qazlal
Ru
Sif Muna
Trog
Uskayaw
Vehumet
Wu Jian
Xom
Yredelemnul
Zin
The Shining One
Jiyva

Shops:
D:4 *   D:7 [   D:11 *(   Orc:2 *(:[   Snake:2 (*

Annotations:
D:8 3 runed translucent doors, Fildev's ghost, novice MiBe
Snake:2 Kaxkokue's ghost, adept DrCj


Innate Abilities, Weirdness & Mutations

You have a pair of horns on your head.
You reflexively headbutt those who attack you in melee.
Your magical capacity is low. (-10% MP)


Message History

You hit Kaxkokue's ghost.
Kaxkokue's ghost's magic leaks into the air.
Kaxkokue's ghost is heavily damaged.
You feel very sick.
Kaxkokue's ghost hits you but does no damage.
You are more poisoned.
You miss Kaxkokue's ghost.
Kaxkokue's ghost is heavily damaged.
You feel very sick.
You hit Kaxkokue's ghost but do no damage.
Kaxkokue's ghost is heavily damaged.
You feel sick.
Kaxkokue's ghost's magic is no longer disrupted.
Kaxkokue's ghost wails, "To die, to sleep, no more."
Kaxkokue's ghost points at you and mumbles some strange words.
The crystal spear hits you!!
* * * LOW HITPOINT WARNING * * *
You hit Kaxkokue's ghost but do no damage.
You headbutt Kaxkokue's ghost, but do no damage.
Kaxkokue's ghost is heavily damaged.
You feel very sick. You block Kaxkokue's ghost's attack.
You puncture Kaxkokue's ghost!
Kaxkokue's ghost's magic leaks into the air.
You headbutt Kaxkokue's ghost.
Kaxkokue's ghost is severely damaged.
You feel very sick.
Kaxkokue's ghost's magic is no longer disrupted.
You closely miss Kaxkokue's ghost. Your headbutt misses Kaxkokue's ghost.
Kaxkokue's ghost is severely damaged.
You feel sick. Kaxkokue's ghost casts a spell at you.
The crystal spear hits you!!!
* * * LOW HITPOINT WARNING * * *
You hit Kaxkokue's ghost but do no damage.
Kaxkokue's ghost is severely damaged.
You feel sick.
Kaxkokue's ghost points at you and mumbles some strange words.
The crystal spear hits you!!!
You die...

.##........##............#.###...
...†.......###.#.........##.#....
...........# #.#..........###....
...........####.#.##......##.....
...........##...##...##...###..=.
..........###......#.###### #....
..........###.........# #....
..........##..........## ##....
.........###....@W...#.## ##.....
....................##..###......
.....#...............)...........
#....#...###.........##..........
#......####..........###.........
#.......###.........## #.........
.........###........# #.........
..........##.###...## #..###....
............## #...# ##.# ##...


You could see Kaxkokue's ghost.

Vanquished Creatures
  The ghost of Cacuas the Convoker, an adept TeSu of Yredelemnul (Shoals:2)
  An orc warlord (Orc:2)
  A minotaur (Gauntlet)
  A merfolk impaler (Shoals:2)
  4 hydras
  An ogre mage (Orc:1)
  Harold (D:11)
  A salamander tyrant (Snake:2)
  4 anacondas
  2 ironbound frosthearts (IceCv)
  A merfolk aquamancer (Shoals:1)
  A catoblepas (Gauntlet)
  A satyr (Shoals:2)
  7 two-headed ogres
  A boulder beetle (Lair:2)
  2 orc high priests (Orc:2)
  5 naga warriors
  7 death yaks (IceCv)
  5 naga sharpshooters
  4 shock serpents
  Amaemon (Lair:1)
  Nergalle (Orc:1)
  2 skysharks
  2 salamander mystics
  Lodul (D:11)
  4 sea snakes
  A glowing orange brain (Gauntlet)
  5 skeletal warriors (D:11)
  2 spectral merfolk (Shoals:2)
  A large abomination (Gauntlet)
  2 lindwurms
  4 orc knights
  6 harpies (Shoals:1)
  3 manticores
  2 orc sorcerers (Orc:2)
  10 salamanders
  An ugly thing (Gauntlet)
  11 fauns (Shoals:2)
  A spectral satyr (Shoals:2)
  3 cyclopes
  4 elephants (Lair:4)
  16 black mambas
  3 merfolk sirens (Shoals:2)
  Joseph (D:9)
  2 water nymphs (Shoals:2)
  A guardian serpent (Snake:2)
  2 molten gargoyles (Gauntlet)
  12 naga magi
  Maggie (Lair:1)
  9 cane toads
  A torpor snail (Lair:4)
  A spectral sea snake (Shoals:2)
  2 gargoyles (Gauntlet)
  Psyche (D:11)
  4 kobold demonologists
  3 komodo dragons
  An orange demon (Lair:1)
  Jeremiah (D:8)
  8 rime drakes
  2 ice devils (D:11)
  A spectral water nymph (Shoals:2)
  6 trolls
  6 merfolk
  13 polar bears
  A wind drake (Shoals:2)
  9 blink frogs
  10 dream sheep (Shoals:2)
  A spectral manticore (Shoals:2)
  5 snapping turtles
  A shadow (D:11)
  Sigmund (D:5)
  Grum (D:11)
  4 water elementals (Shoals:1)
  A wraith (D:11)
  A wyvern (Lair:2)
  63 yaks
  Eustachio (D:5)
  A merfolk simulacrum (Shoals:2)
  A sea snake simulacrum (Shoals:2)
  A steam dragon (Lair:1)
  6 vampire mosquitoes (D:11)
  2 basilisks
  Edmund (D:5)
  26 nagas
  5 acid dragons
  A warg (Orc:1)
  7 water moccasins
  2 black bears
  22 orc warriors
  An ice beast (D:5)
  2 sky beasts (D:7)
  2 boggarts (D:10)
  31 wolves
  12 ogres
  A phantom (D:5)
  5 centaurs
  7 kobold brigands
  15 bullfrogs
  3 small abominations (Gauntlet)
  5 scorpions
  14 wights
  2 manticore simulacra (Shoals:2)
  4 killer bees (D:8)
  2 electric eels (Lair:4)
  5 howler monkeys
  4 lava snakes (Lair:2)
  2 hounds
  2 jellies
  A gnoll bouda (D:7)
  21 orc priests
  2 iguanas
  Jessica (D:2)
  Terence (D:2)
  6 hell rats (Lair:4)
  13 orc wizards
  3 sleepcaps
  Robin (D:3)
  9 gnolls
  5 adders
  A white imp (D:6)
  4 ufetubi
  A worm (D:4)
  A dart slug (D:1)
  73 orcs
  3 ball pythons
  5 endoplasms
  2 giant cockroaches (D:2)
  8 hobgoblins
  2 jackals (D:1)
  11 kobolds
  2 quokkas (D:2)
  7 bats
  3 frilled lizards
  15 goblins
  6 rats
715 creatures vanquished.

Vanquished Creatures (others)
  A naga (Snake:2)
1 creature vanquished.

Grand Total: 716 creatures vanquished

Notes
Turn   | Place    | Note
-------+----------+-------------------------------------------
     0 | D:1      | ChronoRanger the Minotaur Fighter began the quest for the
                  | Orb.
     0 | D:1      | Reached XP level 1. HP: 19/19 MP: 0/0
   265 | D:1      | Reached XP level 2. HP: 27/27 MP: 1/1
   781 | D:2      | Reached skill level 4 in Fighting
   781 | D:2      | Reached XP level 3. HP: 33/33 MP: 2/2
  1059 | D:2      | Noticed Jessica
  1076 | D:2      | Killed Jessica
  1077 | D:2      | Reached XP level 4. HP: 40/40 MP: 3/3
  1647 | D:3      | Noticed Terence
  1708 | D:2      | Killed Terence
  1709 | D:2      | Reached XP level 5. HP: 39/47 MP: 4/4
  1738 | D:3      | Noticed Robin
  1858 | D:3      | Killed Robin
  2528 | D:3      | Reached skill level 5 in Maces & Flails
  2619 | D:3      | Found a broken altar of Ashenzari.
  3075 | D:4      | Reached XP level 6. HP: 25/55 MP: 1/5
  3081 | D:4      | Reached skill level 5 in Shields
  3234 | D:4      | Reached skill level 5 in Fighting
  3234 | D:4      | Reached skill level 5 in Armour
  3315 | D:4      | Found a sparkling altar of Nemelex Xobeh.
  3371 | D:4      | Found Koewkaf's CLEARANCE SALE!.
  3375 | D:4      | Bought a scroll of fear for 12 gold pieces
  3375 | D:4      | Bought a scroll of teleportation for 9 gold pieces
  3795 | D:5      | Entered Level 5 of the Dungeon
  3945 | D:5      | Reached XP level 7. HP: 61/61 MP: 6/6
  4471 | D:5      | Reached skill level 6 in Fighting
  4563 | D:5      | Reached XP level 8. HP: 40/71 MP: 7/7
  4706 | D:5      | Noticed Eustachio
  4748 | D:5      | Killed Eustachio
  4917 | D:5      | Noticed Sigmund
  4927 | D:5      | Killed Sigmund
  4943 | D:5      | Noticed Edmund
  5062 | D:5      | Killed Edmund
  5063 | D:5      | Reached skill level 7 in Fighting
  5279 | D:6      | Found a staircase to the Ecumenical Temple.
  5406 | Temple   | Entered the Ecumenical Temple
  5797 | D:6      | Reached skill level 10 in Maces & Flails
  5797 | D:6      | Reached XP level 9. HP: 59/80 MP: 5/8
  6743 | D:7      | Reached skill level 8 in Fighting
  6911 | D:7      | Found Edymenas's Armour Shop.
  7683 | Temple   | Became a worshipper of Trog the Wrathful
  8044 | D:8      | Noticed a two-headed ogre
  8065 | D:8      | Killed a two-headed ogre
  8066 | D:8      | Reached skill level 9 in Fighting
  8128 | D:8      | Identified the +7 sling of Upopagug {elec, Will+}
  8162 | D:8      | Found a runed translucent gate.
  8162 | D:8      | Found a runed translucent gate.
  8162 | D:8      | Found a runed translucent gate.
  8163 | D:8      | Found a viscous altar of Jiyva.
  8163 | D:8      | Noticed Fildev's ghost (novice MiBe)
  8246 | D:8      | Reached XP level 10. HP: 84/91 MP: 6/9
  8747 | D:8      | Noticed Jeremiah
  8769 | D:8      | Killed Jeremiah
  9128 | D:9      | Reached * piety under Trog
  9890 | D:9      | Noticed Joseph
  9909 | D:9      | Killed Joseph
  9910 | D:9      | Reached skill level 10 in Fighting
  9910 | D:9      | Reached skill level 10 in Armour
 10178 | D:10     | Entered Level 10 of the Dungeon
 10271 | D:10     | Noticed a two-headed ogre
 10280 | D:10     | Noticed a two-headed ogre
 10283 | D:10     | Killed a two-headed ogre
 10284 | D:10     | Noticed a two-headed ogre
 10293 | D:10     | Killed a two-headed ogre
 10294 | D:10     | Reached skill level 11 in Fighting
 10500 | D:10     | Found a glowing golden altar of the Shining One.
 10561 | D:10     | Reached skill level 1 in Dodging
 10564 | D:10     | Noticed a smoke demon
 10568 | D:10     | Reached ** piety under Trog
 10569 | D:10     | Reached XP level 11. HP: 102/102 MP: 10/10
 10634 | D:10     | Found the +2 hat of the Bear Spirit {Spirit, Bear, *Rage
                  | Will++}
 10669 | D:10     | Found a snail-covered altar of Cheibriados.
 10970 | D:10     | Reached skill level 12 in Fighting
 11104 | D:10     | Found a radiant altar of Vehumet.
 11111 | D:10     | Found an iron altar of Okawaru.
 11122 | D:10     | Found a shimmering altar of Xom.
 11266 | D:10     | Noticed a +0 hand axe
 11336 | D:10     | Noticed a +0 hand axe
 11340 | D:10     | Found a hide-covered altar of Uskayaw.
 11578 | D:11     | Found a frozen archway.
 11612 | D:11     | Reached skill level 5 in Dodging
 11706 | IceCv    | Entered an ice cave
 12006 | IceCv    | Reached skill level 13 in Fighting
 12140 | IceCv    | Reached *** piety under Trog
 12356 | IceCv    | Identified the +1 scale mail of Prudence {Rampage MP+9
                  | Dex-5 Slay+4}
 12741 | IceCv    | Noticed a death yak
 12741 | IceCv    | Noticed a death yak
 12741 | IceCv    | Noticed an ironbound frostheart
 12741 | IceCv    | Noticed an ironbound frostheart
 12741 | IceCv    | Noticed a death yak
 12755 | IceCv    | Killed a death yak
 12756 | IceCv    | Reached skill level 14 in Fighting
 12756 | IceCv    | Reached XP level 12. HP: 117/117 MP: 7/11
 12757 | IceCv    | Killed an ironbound frostheart
 12764 | IceCv    | Killed an ironbound frostheart
 12779 | IceCv    | Killed a death yak
 12802 | IceCv    | Killed a death yak
 13031 | IceCv    | Noticed a death yak
 13031 | IceCv    | Noticed a death yak
 13032 | IceCv    | Noticed a death yak
 13040 | IceCv    | Killed a death yak
 13051 | IceCv    | Killed a death yak
 13052 | IceCv    | Reached skill level 15 in Fighting
 13057 | IceCv    | Killed a death yak
 13076 | IceCv    | Reached skill level 10 in Dodging
 13119 | IceCv    | Noticed a death yak
 13132 | IceCv    | Killed a death yak
 13496 | D:11     | Noticed Grum
 13554 | D:11     | Killed Grum
 13555 | D:11     | Reached skill level 16 in Fighting
 13600 | D:11     | Found a staircase to the Lair.
 13829 | D:11     | Reached skill level 1 in Evocations
 13864 | D:11     | Noticed Psyche
 13885 | D:11     | Reached **** piety under Trog
 13896 | D:11     | Killed Psyche
 14082 | D:11     | Found Wereisej's Assorted Antiques.
 14088 | D:11     | Bought a scroll of teleportation for 81 gold pieces
 14225 | D:11     | Reached XP level 13. HP: 130/130 MP: 10/12
 14457 | D:11     | Found a staircase to the Orcish Mines.
 14467 | D:11     | Noticed Harold
 14484 | D:11     | Killed Harold
 14876 | D:11     | Noticed Lodul
 14897 | D:11     | Killed Lodul
 14977 | D:11     | Found Ezuetaf's Firing Range.
 15055 | Lair:1   | Entered Level 1 of the Lair of Beasts
 15055 | Lair:1   | Noticed Maggie
 15067 | Lair:1   | Killed Maggie
 15676 | Lair:1   | Noticed Amaemon
 15690 | Lair:1   | Killed Amaemon
 15691 | Lair:1   | Reached skill level 17 in Fighting
 16223 | Lair:2   | Found a staircase to the Snake Pit.
 16412 | Lair:2   | Reached skill level 5 in Evocations
 16556 | Lair:2   | Found a gate leading to a gauntlet.
 16564 | Gauntlet | Entered a Gauntlet
 16564 | Gauntlet | Found a transporter.
 16564 | Gauntlet | Found a transporter.
 16565 | Gauntlet | Found a transporter.
 16565 | Gauntlet | Found a transporter.
 16568 | Gauntlet | Found a transporter.
 16568 | Gauntlet | Found a transporter.
 16570 | Gauntlet | Found a large runed translucent door.
 16571 | Gauntlet | Found a large runed translucent door.
 16571 | Gauntlet | Noticed a dire elephant
 16572 | Gauntlet | Found a large runed translucent door.
 16572 | Gauntlet | Found a large runed translucent door.
 16572 | Gauntlet | Found a runed translucent door.
 16572 | Gauntlet | Found a runed translucent door.
 16573 | Gauntlet | Found a large runed translucent door.
 16573 | Gauntlet | Found a large runed translucent door.
 16573 | Gauntlet | Found a large runed translucent door.
 16573 | Gauntlet | Found a large runed translucent door.
 16574 | Gauntlet | Found a large runed translucent door.
 16574 | Gauntlet | Found a large runed translucent door.
 16575 | Gauntlet | Found a large runed translucent door.
 16575 | Gauntlet | Found a large runed translucent door.
 16576 | Gauntlet | Found a runed translucent gate.
 16576 | Gauntlet | Found a runed translucent gate.
 16576 | Gauntlet | Found a runed translucent gate.
 16578 | Gauntlet | Found a transporter.
 16582 | Gauntlet | Found a transporter.
 16594 | Gauntlet | Found a transporter.
 16596 | Gauntlet | Found a transporter.
 16597 | Gauntlet | Found a transporter.
 16623 | Gauntlet | Found a transporter.
 16689 | Gauntlet | Found a large runed translucent door.
 16689 | Gauntlet | Found a large runed translucent door.
 16692 | Gauntlet | Found a large runed translucent door.
 16692 | Gauntlet | Found a large runed translucent door.
 17155 | Gauntlet | Identified the +0 hat of Lueppar {SInv}
 17269 | Gauntlet | Identified the +1 cloak of Hoicegam {Stlth+}
 17304 | Gauntlet | Noticed a minotaur
 17319 | Gauntlet | Killed a minotaur
 17543 | Gauntlet | Found the +8 trishula "Condemnation" {holy, anguish, *Noise
                  | Fly rN+}
 17799 | Lair:2   | Reached skill level 18 in Fighting
 18494 | D:7      | Bought the +5 Storm Queen's Shield {shock, Fly rElec} for
                  | 501 gold pieces
 18494 | D:7      | Found the +5 Storm Queen's Shield {shock, Fly rElec}
 18613 | Lair:3   | Found a staircase to the Shoals.
 18635 | Lair:3   | Reached XP level 14. HP: 143/143 MP: 13/13
 19836 | Lair:4   | Reached ***** piety under Trog
 20319 | Lair:4   | Reached skill level 19 in Fighting
 21211 | Orc:1    | Entered Level 1 of the Orcish Mines
 21694 | Orc:2    | Entered Level 2 of the Orcish Mines
 21909 | Orc:2    | Gained mutation: Your magical capacity is low. (-10% MP) [a
                  | neqoxec]
 22043 | Orc:2    | Noticed an orc warlord
 22044 | Orc:2    | Noticed Nergalle
 22119 | Orc:1    | Killed Nergalle
 22542 | Orc:1    | Reached skill level 10 in Shields
 22605 | Orc:2    | Killed an orc warlord
 22670 | Orc:2    | Received a gift from Trog
 22686 | Orc:2    | Reached skill level 20 in Fighting
 22704 | Orc:2    | Found Pompoakhlo's General Store.
 22916 | Orc:2    | Found Kyitiyso's Antique Armour Emporium.
 22950 | Orc:2    | Found Tyinni Saypn's Antique Weapon Emporium.
 22986 | Orc:2    | Found Gykhlu's Book Emporium.
 23336 | Orc:2    | Found a staircase to the Elven Halls.
 23957 | Snake:1  | Entered Level 1 of the Snake Pit
 24316 | Snake:1  | Reached XP level 15. HP: 124/155 MP: 9/12
 24661 | Snake:1  | You are sucked into a shaft and drop 1 floor!
 24700 | Snake:2  | Received a gift from Trog
 25950 | Shoals:1 | Entered Level 1 of the Shoals
 26043 | Shoals:1 | Reached skill level 15 in Armour
 26050 | Shoals:1 | Reached skill level 21 in Fighting
 26774 | Shoals:1 | Reached skill level 1 in Polearms
 27532 | Snake:2  | Reached skill level 5 in Polearms
 28233 | Snake:2  | Reached ****** piety under Trog
 28233 | Snake:2  | Received a gift from Trog
 28347 | Snake:2  | Found Quykkool's General Store.
 28347 | Snake:2  | Found Xotuac's Weapon Shop.
 28355 | Snake:2  | Bought a potion of heal wounds for 100 gold pieces
 28897 | Shoals:2 | Found a runed translucent gate.
 28897 | Shoals:2 | Found a runed translucent gate.
 28897 | Shoals:2 | Found a runed translucent gate.
 28902 | Shoals:2 | Noticed Cacuas's ghost (adept TeSu)
 29152 | Shoals:2 | HP: 10/237 [merfolk/+0 spear[a merfolk impaler] (12)]
 29158 | Shoals:2 | HP: 1/237 [merfolk impaler/+3 vampiric trident (10)]
 29696 | Shoals:2 | Reached skill level 10 in Polearms
 29731 | Shoals:2 | Reached XP level 16. HP: 125/167 MP: 13/13
 30412 | Shoals:2 | Received a gift from Trog
 30450 | Shoals:2 | Killed Cacuas's ghost
 31074 | Snake:3  | Found a runed translucent door.
 31078 | Snake:3  | Noticed Kaxkokue's ghost (adept DrCj)
 31110 | Snake:2  | Killed from afar by Kaxkokue's ghost

Illustrated notes

Levels and vault maps discovered:
D:1:      dpeg_arrival_signposts, layout_basic, minmay_cupped
D:2:      layout_basic, minmay_door_square, hangedman_feature_mirror,
          minmay_pentomino_w2, uniq_jessica
D:3:      layout_loops_corners, cheibrodos_ashenzari_chains, uniq_terence,
          uniq_robin
D:4:      layout_loops_ring, nemelex_diamond_rough_becter,
          nicolae_shop_clearance
D:5:      layout_rooms, uniq_sigmund, uniq_edmund, uniq_eustachio
D:6:      layout_basic, minmay_temple_entry_large_hall
D:7:      layout_basic, serial_shops, nicolae_stop_n_shop_1
D:8:      layout_basic, gammafunk_ghost_ooze, uniq_jeremiah
D:9:      layout_roguey, minmay_diced_spiral, uniq_joseph
D:10:     layout_loops_cross, cheibriados_altar_1, dancing_weapons_uskayaw,
          minmay_overflow_temple_star_quad, tso_metal_star, minivault_26,
          nicolae_phantomly_mirrored
D:11:     layout_roguey, lair_entry_dummy, orc_0_dummy, serial_shops, shop,
          portal_ice_cave_demonic_guard, nicolae_shop_firing_range, uniq_psyche,
          uniq_grum, uniq_harold, uniq_lodul
Temple:   zaba_magenta_temple
Lair:1:   layout_regular_city, chequers_serial_rivers_room_b, uniq_amaemon,
          uniq_maggie
Lair:2:   layout_long_grid, nicolae_snake_entry_warm_welcome,
          gauntlet_entry_generic
Lair:3:   layout_long_grid, elwin_shoals_entry_rocks
Lair:4:   layout_cave_pods, minmay_lair_drake_nest, grunt_megastairs_1,
          infiniplex_staircase_pool, serial_bayou_shore_a, serial_bayou_shore_b
Shoals:1: layout_shoals
Shoals:2: layout_shoals, gammafunk_ghost_necromancy, nicolae_shoals_shepherds
Snake:1:  layout_cave_pods
Snake:2:  layout_chambers, nicolae_snake_springs, minmay_shoptagon
Snake:3:  layout_misc_corridors, ebering_ghost_inner_flame, serial_shops, shop,
          nicolae_shop_i_like_big_books, serial_bayou_ford_a,
          nrook_loot_triangle
Orc:1:    layout_diamond_mine
Orc:2:    grunt_orc_cross, layout_caves, basic_altar

Skill      XL: |  1  2  3  4  5  6  7  8  9 10 11 12 13 14 15 16 |
---------------+-------------------------------------------------+-----
Maces & Flails | 3 4 5 6 7 10 12 14 | 14.3
Fighting       | 4 5 6 7 9 11 14 16 18 20 21 | 21.3
Armour         | 4 5 6 7 9 10 13 14 15 | 15.0
Shields        | 4 5 10 | 10.0
Dodging        | 2 8 10 | 10.0
Evocations     | 2 5 |  5.0
Polearms       | 10 12 | 12.7

Action                     |  1- 3 |  4- 6 |  7- 9 | 10-12 | 13-15 | 16-18 || total
---------------------------+-------+-------+-------+-------+-------+-------++-------
  Melee: Flail             |    63 |   184 |   272 |   732 |    77 |       ||  1328
         Headbutt          |     6 |    30 |    50 |   176 |   311 |    28 ||   601
         Demon whip        |       |       |       |       |  1076 |    79 ||  1155
         Morningstar       |       |       |       |       |    34 |       ||    34
         Demon trident     |       |       |       |       |       |    94 ||    94
 Invoke: Berserk           |       |       |       |     5 |    10 |       ||    15
         Trog's Hand       |       |       |       |     1 |     3 |       ||     4
         Brothers in Arms  |       |       |       |       |     1 |       ||     1
  Evoke: Wand              |       |       |     5 |     3 |    13 |       ||    21
    Use: Potion            |     1 |       |     1 |     4 |     2 |       ||     8
         Scroll            |       |     5 |     4 |    10 |    16 |     2 ||    37
   Stab: Paralysed         |       |       |     4 |       |       |       ||     4
 Armour: Scale mail        |    47 |   102 |     5 |       |       |       ||   154
         Chain mail        |       |       |   127 |       |       |       ||   127
         Plate armour      |       |       |    32 |   378 |   599 |    66 ||  1075
  Dodge: Dodged            |    22 |    64 |    80 |   169 |   254 |    25 ||   614
  Block: Buckler           |    11 |    55 |    76 |   218 |    79 |       ||   439
         Kite shield       |       |       |       |       |   552 |    65 ||   617

Table legend: (Time is in decaauts)
 A = Elapsed time spent in this place.
 B = Non-inter-level travel time spent in this place.
 C = Inter-level travel time spent in this place.
 D = Time resting spent in this place.
 E = Time spent auto-exploring this place.
 F = Levels seen in this place.
 G = Mean time per level.
                   A        B        C        D        E       F      G
               +--------+--------+--------+--------+--------+-----+--------+
         Total |  30575 |  28481 |   2094 |   7010 |   5705 |  25 | 1223.0 |
       Dungeon |  13566 |  12345 |   1221 |   1977 |   2195 |  11 | 1233.3 |
        Temple |     83 |     76 |      7 |      0 |      0 |   1 |   83.0 |
          Lair |   4934 |   4505 |    429 |    892 |   1280 |   4 | 1233.5 |
        Shoals |   3006 |   2840 |    166 |   1161 |    689 |   2 | 1503.0 |
     Snake Pit |   3795 |   3647 |    148 |   1195 |    775 |   3 | 1265.0 |
  Orcish Mines |   2471 |   2350 |    121 |    591 |    366 |   2 | 1235.5 |
      Ice Cave |   1652 |   1652 |      0 |    665 |    207 |   1 | 1652.0 |
      Gauntlet |   1065 |   1065 |      0 |    528 |    193 |   1 | 1065.0 |
               +--------+--------+--------+--------+--------+-----+--------+

Top non-repeatable levels by time:
    D:11: 1904 daAuts
 Snake:2: 1874 daAuts
 Snake:1: 1697 daAuts
Shoals:2: 1679 daAuts
   IceCv: 1652 daAuts
    D:10: 1427 daAuts
  Lair:4: 1379 daAuts
     D:7: 1339 daAuts
Shoals:1: 1326 daAuts
  Lair:1: 1316 daAuts
   Orc:1: 1304 daAuts
     D:5: 1264 daAuts
     D:9: 1246 daAuts
     D:6: 1204 daAuts
     D:3: 1180 daAuts
